 Dungeon Crawl Stone Soup version 0.19.4-8-ga85b6b9 (webtiles) character file.

10739 Jynx the Carver (level 11, -4/100 (101) HPs)
             Began as a Minotaur Fighter on Feb 8, 2017.
             Was a High Priest of Okawaru.
             Slain by a ten-headed hydra (13 damage)
             ... on level 3 of the Lair of Beasts.
             The game lasted 00:15:19 (10125 turns).

Jynx the Carver (Minotaur Fighter)                 Turns: 10125, Time: 00:15:20

HP:   -4/100 (101)  AC: 17    Str: 22    XL:     11   Next: 40%
MP:   9/10          EV: 14    Int:  9    God:    Okawaru [*****.]
Gold: 595           SH:  0    Dex: 12    Spells: 0 memorised, 10 levels left

rFire  . . .     SeeInvis +     n - +1 great sword (holy)
rCold  . . .     Gourm    .     m - +2 scale mail {MR+}
rNeg   . . .     Faith    .     (shield currently unavailable)
rPois  .         Spirit   .     M - +1 hat
rElec  .         Reflect  .     p - +2 cloak
rCorr  .         Harm     .     u - +1 pair of gloves
MR     +....                    (no boots)
Stlth  ..........               (no amulet)
                                q - +4 ring of intelligence
                                B - ring of see invisible

@: lethally poisoned (-4 -> -6)
A: retaliatory headbutt, horns 2
a: Heroism, Finesse, Renounce Religion


You were on level 3 of the Lair of Beasts.
You worshipped Okawaru.
Okawaru was extremely pleased with you.
You were not hungry.

You visited 3 branches of the dungeon, and saw 12 of its levels.

You collected 595 gold pieces.

Inventory:

Hand Weapons
 n - a +1 great sword of holy wrath (weapon)
 w - a +1 falchion of holy wrath
Armour
 m - a +2 scale mail of magic resistance (worn)
 p - a +2 cloak (worn)
 u - a +1 pair of gloves (worn)
 M - a +1 hat (worn)
Jewellery
 h - a +2 ring of intelligence
 q - a +4 ring of intelligence (right hand)
 s - an uncursed amulet of magic regeneration
 z - an uncursed ring of fire
 B - a ring of see invisible (left hand)
 J - an uncursed ring of stealth
 K - a +2 ring of intelligence
Wands
 y - a wand of disintegration (14/24)
 C - a wand of confusion (28/48)
 D - a wand of enslavement (4/24)
 E - a wand of enslavement (15/24)
 F - a wand of flame (24/48)
 G - a wand of flame (20/48)
Scrolls
 a - 3 scrolls of teleportation
 j - 5 scrolls of remove curse
 v - a scroll of fog
 H - a scroll of identify
 L - a scroll of blinking
 P - a scroll of amnesia
 Q - a scroll of magic mapping
Potions
 c - 5 potions of agility
 e - a potion of mutation
 k - a potion of resistance
 l - a potion of invisibility
 t - 2 potions of cure mutation
 I - 2 potions of curing
 N - a potion of brilliance
Books
 i - a book of Minor Magic

   Spells                             Type                      Level
   a - Magic Dart                     Conjuration                  1
   b - Blink                          Translocation                2
   c - Call Imp                       Summoning                    2
   d - Repel Missiles                 Charms/Air                   2
   e - Slow                           Hexes                        2
   f - Conjure Flame                  Conjuration/Fire             3
   g - Mephitic Cloud                 Conjuration/Poison/Air       3
 o - a book of Debilitation

   Spells                             Type                      Level
   a - Corona                         Hexes                        1
   b - Slow                           Hexes                        2
   c - Gell's Gravitas                Hexes/Translocation          3
   d - Inner Flame                    Hexes/Fire                   3
   e - Cause Fear                     Hexes                        4
   f - Leda's Liquefaction            Hexes/Earth                  4
 A - a book of Battle

   Spells                             Type                      Level
   a - Infusion                       Charms                       1
   b - Shroud of Golubria             Charms/Translocation         2
   c - Song of Slaying                Charms                       2
   d - Spectral Weapon                Hexes/Charms                 3
   e - Regeneration                   Charms/Necromancy            3
 O - the Disquisition on Creative Attacks
   (You found it on level 2 of the Lair of Beasts)

   Spells                             Type                      Level
   a - Magic Dart                     Conjuration                  1
   b - Searing Ray                    Conjuration                  2
   c - Call Canine Familiar           Summoning                    3
   d - Iskenderun's Mystic Blast      Conjuration                  4
   e - Aura of Abjuration             Summoning                    5
Comestibles
 b - 5 beef jerkies
 d - 9 meat rations
 f - 4 bread rations
 g - 3 royal jellies
 r - 50 fruits
 x - a slice of pizza
 R - 2 chunks of flesh


   Skills:
 + Level 10.4 Fighting
 * Level 13.5 Long Blades
 + Level 10.3 Armour
 + Level 8.5 Dodging
   Level 3.6 Shields


You had 10 spell levels left.
You didn't know any spells.

Dungeon Overview and Level Annotations

Branches:
Dungeon (8/15)             Temple (1/1) D:4            Lair (3/6) D:8
 Shoals (0/4) Lair:2        Snake (0/4) Lair:3

Altars:
Ashenzari
Dithmenos
Fedhas
Gozag
Kikubaaqudgha
Okawaru
Ru
Sif Muna
Trog
Vehumet
Yredelemnul
Zin

Shops:
D:6 *:=!(


Innate Abilities, Weirdness & Mutations

You reflexively headbutt those who attack you in melee.
You have a pair of horns on your head.


Message History

You headbutt the nine-headed hydra.
The nine-headed hydra is almost dead.
You feel like a meek peon again.
The nine-headed hydra barely misses you.
The nine-headed hydra bites you but does no damage. x2
The nine-headed hydra bites you.
* * * LOW HITPOINT WARNING * * *
The nine-headed hydra closely misses you.
The nine-headed hydra bites you but does no damage.
The nine-headed hydra bites you.
* * * LOW HITPOINT WARNING * * *
The nine-headed hydra bites you but does no damage.
The nine-headed hydra closely misses you.
You chop one of the nine-headed hydra's heads off!
The eight-headed hydra grows two more!
You slice the ten-headed hydra!!
The ten-headed hydra is almost dead.
You feel sick. The ten-headed hydra bites you!
* * * LOW HITPOINT WARNING * * *
The ten-headed hydra bites you!
You die...

##. .......# ##..# #..
......# ...# #P. ##....##
#... .. #......##### ##..#
#. #.......#.P###...#
##.#####.P÷..............
###..[.#.S.##.......#.##..#
#.....%.SD###........######
.....[###..#@#........##
.P)....S.#####.........#
##..P..## #........## ##..>
##.......# ... P........
...


You could see a ten-headed hydra, an adder and a ball python.

Vanquished Creatures
  A hydra (Lair:2)
  Nergalle (Lair:2)
  A hill giant (D:6)
  Pikel (D:8)
  A cyclops (D:8)
  3 spiny frogs
  3 elephants (Lair:2)
  The ghost of Jynx the Slasher, a novice MiFi (D:4)
  2 black mambas
  A rime drake (Lair:1)
  2 komodo dragons (Lair:2)
  A polar bear (Lair:2)
  Menkaure (D:4)
  8 water moccasins
  5 porcupines
  3 orc warriors
  2 ice beasts
  2 black bears (D:7)
  A slave (D:8)
  2 necrophages
  2 phantoms
  A sky beast (D:5)
  3 centaurs
  A crocodile (Lair:1)
  A big kobold (D:8)
  3 bullfrogs
  2 scorpions
  2 wights (D:8)
  2 electric eels (Lair:2)
  2 howler monkeys (D:7)
  4 crimson imps
  2 bullfrog zombies
  3 jellies
  A quasit (D:8)
  2 bullfrog skeletons
  A gnoll shaman (D:8)
  2 orc priests
  A hound (D:4)
  An orc wizard (D:7)
  3 iguanas
  2 worker ants (D:4)
  2 hound zombies
  A worker ant zombie (D:5)
  7 gnolls
  8 adders
  2 shadow imps (D:6)
  7 oozes
  An adder skeleton (D:7)
  7 worms
  A dart slug (D:1)
  4 leopard geckos
  10 orcs
  A ball python (Lair:3)
  4 giant cockroaches
  9 goblins
  8 hobgoblins
  17 jackals
  11 kobolds
  7 quokkas
  9 bats
  9 frilled lizards
  12 rats
220 creatures vanquished.

Vanquished Creatures (others)
  A wizard (D:5)
  2 slaves (D:8)
  A wight (D:8)
  A fungus (Lair:2)
  2 plants
7 creatures vanquished.

Grand Total: 227 creatures vanquished

Notes
Turn   | Place    | Note
-------+----------+-------------------------------------------
     0 | D:1      | Jynx the Minotaur Fighter began the quest for the Orb.
     0 | D:1      | Reached XP level 1. HP: 19/19 MP: 0/0
     6 | D:1      | Noticed a jelly
     7 | D:1      | Found a runed door.
     8 | D:1      | Noticed a jelly
    33 | D:1      | Reached skill level 3 in Long Blades
    33 | D:1      | Reached XP level 2. HP: 23/26 MP: 1/1
    40 | D:1      | Reached skill level 1 in Dodging
    40 | D:1      | Reached XP level 3. HP: 18/33 MP: 2/2
    45 | D:1      | Reached skill level 4 in Long Blades
    45 | D:1      | Reached XP level 4. HP: 13/40 MP: 3/3
  1013 | D:2      | Reached XP level 5. HP: 43/46 MP: 4/4
  1657 | D:2      | Reached skill level 5 in Long Blades
  2613 | D:4      | Noticed an ice beast
  2617 | D:4      | Killed an ice beast
  2617 | D:4      | Reached skill level 5 in Armour
  2617 | D:4      | Reached XP level 6. HP: 55/55 MP: 5/5
  2935 | D:4      | Reached skill level 5 in Fighting
  2975 | D:4      | Found a staircase to the Ecumenical Temple.
  2981 | Temple   | Entered the Ecumenical Temple
  3006 | Temple   | Became a worshipper of Warmaster Okawaru
  3097 | D:4      | Reached skill level 6 in Long Blades
  3210 | D:4      | Reached XP level 7. HP: 59/61 MP: 6/6
  3268 | D:4      | Noticed Menkaure
  3275 | D:4      | Killed Menkaure
  3314 | D:4      | Noticed Jynx's ghost (novice MiFi)
  3524 | D:3      | Reached * piety under Okawaru
  3970 | D:4      | Killed Jynx's ghost
  3970 | D:4      | Reached skill level 7 in Long Blades
  3970 | D:4      | Reached XP level 8. HP: 42/70 MP: 7/7
  4308 | D:5      | Entered Level 5 of the Dungeon
  4312 | D:5      | Reached skill level 8 in Long Blades
  4981 | D:5      | Found a bloodstained altar of Trog.
  4985 | D:5      | Noticed a wizard
  4991 | D:5      | Killed a wizard
  5032 | D:6      | Found Bidusott's Book Emporium.
  5064 | D:6      | Noticed a hill giant
  5073 | D:6      | Killed a hill giant
  5073 | D:6      | Reached ** piety under Okawaru
  5073 | D:6      | Reached skill level 9 in Long Blades
  5073 | D:6      | Reached skill level 5 in Dodging
  5110 | D:6      | Found Ihag's Assorted Antiques.
  5141 | D:6      | Found Kuich's Jewellery Shop.
  5182 | D:6      | Reached XP level 9. HP: 79/79 MP: 8/8
  5294 | D:6      | Found Dexkov's Antique Weapon Shop.
  5294 | D:6      | Found Acos's Distillery.
  5865 | D:7      | Reached *** piety under Okawaru
  5967 | D:7      | Reached skill level 10 in Long Blades
  6771 | D:8      | Found a staircase to the Lair.
  6783 | D:8      | Noticed Pikel
  6808 | D:8      | Killed Pikel
  6808 | D:8      | Reached **** piety under Okawaru
  6925 | D:8      | Reached skill level 11 in Long Blades
  6973 | D:8      | Noticed a cyclops
  6980 | D:8      | Killed a cyclops
  6980 | D:8      | Reached XP level 10. HP: 49/89 MP: 6/9
  7641 | Lair:1   | Entered Level 1 of the Lair of Beasts
  7825 | Lair:1   | Noticed a black mamba
  7832 | Lair:1   | Killed a black mamba
  7835 | Lair:1   | Reached ***** piety under Okawaru
  8221 | Lair:1   | Noticed a spiny frog
  8229 | Lair:1   | Killed a spiny frog
  8522 | Lair:1   | Reached skill level 12 in Long Blades
  8609 | Lair:2   | Noticed an elephant
  8610 | Lair:2   | Noticed an elephant
  8610 | Lair:2   | Noticed an elephant
  8628 | Lair:2   | Killed an elephant
  8634 | Lair:2   | Killed an elephant
  8709 | Lair:2   | Noticed an eight-headed hydra
  8889 | Lair:2   | Killed a 12-headed hydra
  8889 | Lair:2   | Received a gift from Okawaru
  8889 | Lair:2   | Reached skill level 10 in Fighting
  8906 | Lair:2   | Found a staircase to the Shoals.
  9004 | Lair:2   | Identified the Disquisition on Creative Attacks
  9088 | Lair:2   | Reached XP level 11. HP: 92/98 MP: 10/10
  9329 | Lair:2   | Reached skill level 13 in Long Blades
  9329 | Lair:2   | Reached skill level 10 in Armour
  9594 | Lair:2   | Noticed Nergalle
  9611 | Lair:2   | Killed Nergalle
 10091 | Lair:3   | Found a staircase to the Snake Pit.
 10099 | Lair:3   | Noticed a four-headed hydra
 10125 | Lair:3   | Slain by a ten-headed hydra

Skill      XL: |  1  2  3  4  5  6  7  8  9 10 11 |
---------------+----------------------------------+-----
Long Blades    | 3 4 5 6 7 9 11 12 13 | 13.5
Armour         | 4 5 6 7 8 9 10 | 10.3
Dodging        | 1 2 3 4 5 6 8 |  8.5
Fighting       | 4 5 6 7 8 10 | 10.4
Shields        | |  3.6

Action                   |  1- 3 |  4- 6 |  7- 9 | 10-12 || total
-------------------------+-------+-------+-------+-------++-------
Melee: Long sword        |    22 |   135 |       |       ||   157
       Headbutt          |     6 |    33 |    53 |    43 ||   135
       Great sword       |       |    30 |   168 |   152 ||   350
Invok: Heroism           |       |       |     2 |     6 ||     8
  Use: Potion            |       |     1 |     1 |       ||     2
       Scroll            |       |       |    19 |     5 ||    24
  Eat: Chunk             |       |     3 |    11 |     9 ||    23
       Bread ration      |       |     1 |       |       ||     1
       Fruit             |       |       |       |     2 ||     2
Armor: Scale mail        |    18 |    80 |    87 |   101 ||   286
Dodge: Dodged            |    13 |    93 |   117 |   143 ||   366
       Rpst.: Long sword |     2 |    25 |       |       ||    27
       Great sword       |       |     3 |    31 |    30 ||    64
